 Dungeon Crawl Stone Soup version 0.27-a0-1384-g1422d76b99 (webtiles) character file.

Game seed: 12954860991000271343

290 pokeman the Magician (level 6, -2/34 HPs)
             Began as a Deep Elf Hedge Wizard on June 30, 2021.
             Was an Initiate of Vehumet.
             Slain by a scorpion (8 damage)
             ... on level 5 of the Dungeon.
             The game lasted 00:06:38 (4305 turns).

pokeman the Magician (Deep Elf Hedge Wizard)        Turns: 4305, Time: 00:06:38

Health: -2/34      AC:  8    Str: 13    XL:     6   Next: 9%
Magic:  9/17       EV: 12    Int: 21    God:    Vehumet [......]
Gold:   163        SH:  0    Dex: 14    Spells: 7/18 levels left

rFire    . . .     SeeInvis .   i - +0 trident
rCold    . . .     Faith    .   (no shield)
rNeg     . . .     Spirit   .   f - +0 leather armour
rPois    +         Reflect  .   c - +0 hat
rElec    .         Harm     .   y - +2 cloak
rCorr    .         Rampage  .   (no gloves)
Will     .....                  n - +1 pair of boots
Stlth    ++........             (no amulet)
HPRegen  0.11/turn              d - +6 ring of strength
MPRegen  0.15/turn              m - ring of poison resistance

@: no status effects
A: no striking features
a: Renounce Religion


You were on level 5 of the Dungeon.
You worshipped Vehumet.
Vehumet was noncommittal.
You visited 2 branches of the dungeon, and saw 6 of its levels.

You collected 163 gold pieces.

Inventory:

Hand Weapons
 i - a +0 trident (weapon)
Missiles
 a - 22 bolts
 j - 74 arrows
Armour
 c - a +0 hat (worn)
 f - a +0 leather armour (worn)
 n - a +1 pair of boots (worn)
 o - a +0 kite shield
 y - a +2 cloak (worn)
Jewellery
 d - a +6 ring of strength (left hand)
 m - a ring of poison resistance (right hand)
Scrolls
 l - a scroll of holy word {unknown}
 p - 3 scrolls of magic mapping {unknown}
 q - 2 scrolls of amnesia {unknown}
 r - a scroll of immolation {unknown}
 s - a scroll of enchant weapon {unknown}
 u - a scroll of identify {unknown}
 x - a scroll of brand weapon {unknown}
 z - 2 scrolls of teleportation {unknown}
Potions
 b - a potion of attraction {unknown}
 e - 2 potions of brilliance {unknown}
 g - 2 potions of berserk rage {unknown}
 h - a potion of curing {unknown}
 k - a potion of might {unknown}
 t - a potion of flight {unknown}
 v - a potion of heal wounds {unknown}
 w - a potion of magic {unknown}


   Skills:
 - Level 1.0 Fighting
 - Level 1.0 Armour
 - Level 3.0 Dodging
 - Level 3.1 Stealth
 - Level 1.0 Shields
 * Level 6.7 Spellcasting
 + Level 3.1 Conjurations
 - Level 1.1 Summonings
 - Level 1.1 Translocations
 - Level 1.1 Fire Magic
 + Level 0.1 Air Magic
 + Level 0.2 Poison Magic


You had 7 spell levels left.
You knew the following spells:

 Your Spells              Type           Power      Damage    Failure   Level
a - Magic Dart            Conj           80%        1d7       3%          1
b - Mephitic Cloud        Conj/Pois/Air  11%        N/A       22%         3
c - Call Imp              Summ           11%        N/A       11%         2
d - Blink                 Tloc           N/A        N/A       11%         2
e - Conjure Flame         Conj/Fire      16%        6-21      14%         3

Your spell library contained the following spells:

 Spells                   Type           Power      Damage    Failure   Level
 Slow                     Hex            7%         N/A       17%         2
 Gell's Gravitas          Tloc           5%         N/A       22%         3
 Confusing Touch          Hex            7%         N/A       34%         3
 Petrify                  Tmut/Erth      7%         N/A       75%         4
 Metabolic Englaciation   Hex/Ice        3%         N/A       97%         5
 Yara's Violent Unravell  Hex/Tmut       3%         3d4       97%         5


Dungeon Overview and Level Annotations

Branches:
Dungeon (5/15)             Temple (1/1) D:4

Altars:
Fedhas
Gozag
Hepliaklqana
Okawaru
Qazlal
Ru
Sif Muna
Uskayaw
Vehumet
Yredelemnul
The Shining One

Annotations:
D:5 Ijyb


Message History

You completely miss the scorpion.
The scorpion is heavily wounded.
The scorpion completely misses you.
Unknown command.
Casting: Mephitic Cloud (quite dangerous; 22% risk of failure)
Confirm with . or Enter, or press ? or * to list all spells.
Aiming: Magic Dart (safe; 3% risk of failure)
Press: ? - help, Shift-Dir - straight line, f/p - scorpion
Aim: a scorpion (heavily wounded, 100% to hit)
The magic dart hits the scorpion but does no damage.
The scorpion is heavily wounded.
The scorpion barely misses you.
The scorpion stings you but does no damage.
Casting: Magic Dart (safe; 3% risk of failure)
Confirm with . or Enter, or press ? or * to list all spells.
Aiming: Magic Dart (safe; 3% risk of failure)
Press: ? - help, Shift-Dir - straight line, f/p - scorpion
Aim: a scorpion (heavily wounded, 100% to hit)
The magic dart hits the scorpion.
The scorpion is heavily wounded.
The scorpion barely misses you.
A wyvern skeleton comes into view.
Casting: Magic Dart (safe; 3% risk of failure)
Confirm with . or Enter, or press ? or * to list all spells.
Aiming: Magic Dart (safe; 3% risk of failure)
Press: ? - help, Shift-Dir - straight line, f/p - scorpion
Aim: a scorpion (heavily wounded, 100% to hit)
The magic dart hits the scorpion but does no damage.
The scorpion is heavily wounded.
Ijyb the Twisted Goblin comes into view.
She is wielding a +0 club and carrying a wand of mindburst (15).
The scorpion misses you.
Unknown command.
Your magical contamination has completely faded away.
The scorpion closely misses you.
Ijyb zaps a wand.
Your mind is blasted!
Ouch! That really hurt!
* * * LOW HITPOINT WARNING * * *
Ijyb screams, "Die!"
The scorpion stings you!
You die...

######## #.@s...#
######.##...###
##......#8....8# .
#.......##..Z..## ...
.........##...g.###....
..........##.....8...=.
...........#8.........8
..........####...$...##
.............##.....##


You could see Ijyb, a scorpion and a wyvern skeleton.

Vanquished Creatures
  2 scorpions (D:4)
  An orc priest (D:4)
  An orc wizard (D:3)
  4 adders
  2 dart slugs
  9 orcs
  6 endoplasms
  A giant cockroach (D:4)
  4 goblins
  5 hobgoblins
  10 jackals
  5 quokkas
  5 ball pythons
  5 bats
  A frilled lizard (D:1)
  7 kobolds
  2 rats (D:1)
70 creatures vanquished.

Notes
Turn   | Place    | Note
-------+----------+-------------------------------------------
     0 | D:1      | pokeman the Deep Elf Hedge Wizard began the quest for the
                  | Orb.
     0 | D:1      | Reached XP level 1. HP: 10/10 MP: 7/7
   104 | D:1      | You fall into a shaft and drop 1 floor!
   323 | D:1      | Reached XP level 2. HP: 15/15 MP: 5/9
   984 | D:1      | Reached skill level 5 in Spellcasting
  1281 | D:1      | Reached XP level 3. HP: 15/20 MP: 6/11
  1285 | D:1      | Learned a level 3 spell: Mephitic Cloud
  1288 | D:1      | Learned a level 2 spell: Call Imp
  1291 | D:1      | Learned a level 2 spell: Blink
  1295 | D:1      | Learned a level 3 spell: Conjure Flame
  1380 | D:1      | Found a faded altar of an unknown god.
  2273 | D:3      | Found a hazy altar of Hepliaklqana.
  2450 | D:3      | Reached skill level 1 in Fighting
  2576 | D:3      | Reached skill level 1 in Armour
  2725 | D:3      | Reached XP level 4. HP: 10/25 MP: 1/13
  2984 | D:3      | Found a radiant altar of Vehumet.
  2995 | D:3      | Became a worshipper of Vehumet
  3124 | D:4      | Noticed a scorpion
  3133 | D:4      | Killed a scorpion
  3134 | D:4      | Reached skill level 6 in Spellcasting
  3134 | D:4      | Reached XP level 5. HP: 29/29 MP: 9/15
  3216 | D:4      | Reached skill level 1 in Shields
  3481 | D:4      | Reached skill level 1 in Fire Magic
  3557 | D:4      | Found a staircase to the Ecumenical Temple.
  3600 | D:4      | Reached XP level 6. HP: 34/34 MP: 13/17
  3972 | Temple   | Entered the Ecumenical Temple
  4137 | D:5      | Entered Level 5 of the Dungeon
  4298 | D:5      | Noticed Ijyb
  4305 | D:5      | Slain by a scorpion

Illustrated notes

Levels and vault maps discovered:
D:1:      zelgadis_glass_arrival_small, layout_loops_ring,
          shapermc_ecumenical_altar_venn
D:2:      layout_basic
D:3:      layout_loops_ring, old_standard_altar, lemuel_tele_altar
D:4:      layout_rooms, minmay_temple_entry_offerings
D:5:      layout_rooms, serial_corexii_hall, chequers_hall_statues_corner_a,
          corexii_hall_statues_i, chequers_hall_statues_corner_a,
          corexii_hall_statues_i, chequers_hall_statues_y,
          chequers_hall_statues_corner_a, uniq_ijyb
Temple:   regret_index_temple_generic_petals

Skill      XL: |  1  2  3  4  5 |
---------------+----------------+-----
Spellcasting   | 5 6 |  6.7
Fighting       | 1 |  1.0
Armour         | 1 |  1.0
Conjurations   | 2 3 |  3.1
Dodging        | 3 |  3.0
Shields        | 1 |  1.0
Stealth        | 3 |  3.1
Fire Magic     | 1 |  1.1
Summonings     | |  1.1
Translocations | |  1.1
Air Magic      | |  0.1
Poison Magic   | |  0.2

Action                   |  1- 3 |  4- 6 || total
-------------------------+-------+-------++-------
Melee: Trident           |    29 |    48 ||    77
 Cast: Magic Dart        |   111 |    51 ||   162
       Mephitic Cloud    |       |     4 ||     4
       Conjure Flame     |       |     1 ||     1
 Stab: Confused          |       |     5 ||     5
Armor: Leather armour    |    12 |     7 ||    19
Dodge: Dodged            |    32 |    33 ||    65

Table legend: (Time is in decaauts)
 A = Elapsed time spent in this place.
 B = Non-inter-level travel time spent in this place.
 C = Inter-level travel time spent in this place.
 D = Time resting spent in this place.
 E = Time spent auto-exploring this place.
 F = Levels seen in this place.
 G = Mean time per level.
                   A        B        C        D        E       F      G
               +--------+--------+--------+--------+--------+-----+--------+
         Total |   4326 |   4221 |    105 |      0 |   3716 |   6 |  721.0 |
       Dungeon |   4168 |   4105 |     63 |      0 |   3602 |   5 |  833.6 |
        Temple |    157 |    115 |     42 |      0 |    114 |   1 |  157.0 |
               +--------+--------+--------+--------+--------+-----+--------+

Top non-repeatable levels by time:
     D:1: 1449 daAuts
     D:3: 1028 daAuts
     D:4: 869 daAuts
     D:2: 653 daAuts
     D:5: 168 daAuts
  Temple: 157 daAuts
